[Event "Team 45 45 League T45"]
[Site "Internet Chess Club"]
[Date "2010.05.22"]
[Round "3"]
[White "Gilguli"]
[Black "John3v16"]
[Result "1-0"]
[WhiteElo "1544"]
[BlackElo "1676"]
[Opening "QGA: 3.e4"]
[ECO "D20"]
[Time "08:15:21"]
[TimeControl "2700+45"]

1. d4 d5 2. c4 dxc4 3. e4 e5 4. d5 Nf6 5. Nc3 Bc5 6. Bg5 Bxf2+ 7. Kxf2 Ng4+ 8.
Qxg4 Bxg4 9. Bxd8 Kxd8 10. Bxc4 Nd7 11. Nf3 a6 12. h3 Bh5 13. g4 Bg6 14. Nh4 f6
15. Nxg6 hxg6 16. Rac1 Rh4 17. Kg3 g5 18. Rhd1 b5 19. Bf1 Nc5 20. d6 c6 21. b4
Ne6 22. a4 Kd7 23. a5 Rah8 24. Ne2 Nd8 25. Rd2 Nf7 26. Bg2 Re8 27. Rcd1 Re6 28.
Nc1 Nd8 29. Nb3 Nb7 30. Nc5+ Nxc5 31. bxc5 Re8 32. Rd3 Rb8 33. Bf1 Rbh8 34. Kh2
Rb8 35. Rb1 Rc8 36. Rb4 Rhh8 37. Be2 Rh4 38. Bd1 Rch8 39. Rg3 Rf8 40. Bb3 Rh6
41. Ba2 Rh4 42. Rb1 Rh6 43. Rh1 Rh4 44. Rf3 Rfh8 45. Rg1 Rf8 46. Rf5 Rh6 47.
Rgf1 Rfh8 48. R1f3 Rh4 49. Rg3 Rf8 50. Bb3 Rh6 51. Bd1 Rh4 52. Rg2 Rfh8 53. Rg3
Rf8 54. Rf1 Rh6 55. Rh1 Rh4 56. Rb3 Rfh8 57. Kg3 Rf8 58. Rb2 Rfh8 59. Bb3 R4h6
60. Rbh2 Rh4 61. Bf7 R8h6 62. Bh5 Rh8 63. Bg6 R8h6 64. Bf5+ Kd8 65. Rd2 g6 66.
Be6 f5 67. exf5 gxf5 68. Bxf5 Rf6 69. Re2 Rxf5 70. gxf5 Ra4 71. Rxe5 Rxa5 72.
Rhe1 {Black resigns} 1-0

[Event "Team 45 45 League T45"]
[Site "Internet Chess Club"]
[Date "2010.05.21"]
[Round "3"]
[White "Timotheous"]
[Black "shamos1"]
[Result "1-0"]
[WhiteElo "1632"]
[BlackElo "1363"]
[Opening "English opening"]
[ECO "A05"]
[Time "07:01:01"]
[TimeControl "2700+45"]

1. Nf3 Nf6 2. c4 g6 3. b4 a5 4. b5 Bg7 5. Bb2 O-O 6. g3 d5 7. cxd5 Nxd5 8. Bxg7
Kxg7 9. a4 Nd7 10. Bg2 N7b6 11. O-O Re8 12. d4 Bg4 13. Ne5 Be6 14. e3 f6 15. Nd3
Qc8 16. Nc5 Bg4 17. Qb3 Be6 18. Nxe6+ Qxe6 19. e4 Nf4 20. Qxe6 Nxe6 21. Rd1 Red8
22. d5 Nc5 23. Nc3 Rac8 24. Bh3 Ncd7 25. Ne2 Rb8 26. Bxd7 Rxd7 27. Nd4 Rc8 28.
Ne6+ Kf7 29. Nc5 Rdd8 30. Nxb7 Re8 31. Rdc1 e6 32. d6 Na8 33. d7 {Black resigns}
1-0

[Event "Team 45 45 League T45"]
[Site "Internet Chess Club"]
[Date "2010.05.23"]
[Round "3"]
[White "eyalki"]
[Black "Skyler"]
[Result "0-1"]
[WhiteElo "1343"]
[BlackElo "1359"]
[Opening "Sicilian: accelerated fianchetto, modern variation"]
[ECO "B34"]
[Time "16:18:13"]
[TimeControl "2700+45"]

1. e4 c5 2. Nf3 Nc6 3. d4 cxd4 4. Nxd4 g6 5. Nc3 Bg7 6. Be3 Nf6 7. Nxc6 bxc6 8.
e5 Ng8 9. f4 Nh6 10. g4 O-O 11. g5 Nf5 12. Bc5 d6 13. exd6 exd6 14. Bf2 Re8+ 15.
Be2 Ba6 16. Rb1 Qe7 17. O-O Bxe2 18. Nxe2 Qxe2 19. Qxe2 Rxe2 20. c3 a6 21. Rfe1
Rxe1+ 22. Rxe1 Kf8 23. Kg2 Re8 24. Rxe8+ Kxe8 25. Kf3 d5 26. Ke2 Kd7 27. Kd3 Kd6
28. b4 h6 29. Bd4 Nxd4 30. cxd4 hxg5 31. fxg5 f6 32. gxf6 Bxf6 33. a4 Ke6 34.
Ke3 Kf5 35. Kf3 Bxd4 36. h3 g5 37. Kg3 Bc3 {White resigns} 0-1

[Event "Team 45 45 League T45"]
[Site "Internet Chess Club"]
[Date "2010.05.22"]
[Round "3"]
[White "civilization"]
[Black "andrew28"]
[Result "0-1"]
[WhiteElo "1662"]
[BlackElo "1722"]
[Opening "Sicilian: Alapin's variation (2.c3)"]
[ECO "B22"]
[Time "17:02:30"]
[TimeControl "2700+45"]

1. e4 c5 2. c3 Nf6 3. e5 Nd5 4. d4 e6 5. Nf3 Nc6 6. c4 Nb6 7. d5 exd5 8. cxd5
Ne7 9. Nc3 d6 10. Bb5+ Bd7 11. e6 Bxb5 12. exf7+ Kxf7 13. Ng5+ Kg8 14. Nxb5
Nexd5 15. O-O Be7 16. Qg4 Qd7 17. Qxd7 Nxd7 18. Ne4 a6 19. Nbxd6 b5 20. Nf5 Bf8
21. Rd1 N7f6 22. Ng5 g6 23. Ne3 Nf4 24. Kf1 Bh6 25. Nf3 c4 26. g3 Nd3 27. Ne1
Nxc1 28. Raxc1 Kf7 29. b3 Rac8 30. bxc4 Bxe3 31. fxe3 bxc4 32. Rd4 c3 33. h3
Rhe8 34. Ke2 Re6 35. Nf3 h6 36. Rd3 Ne4 37. g4 Kf6 38. Rd7 Rb6 39. Rc2 Rb2 40.
Rxb2 cxb2 41. Rb7 b1=Q 42. Rxb1 Nc3+ {White resigns} 0-1

[Event "Team 45 45 League T45"]
[Site "Internet Chess Club"]
[Date "2010.05.24"]
[Round "3"]
[White "Andressa"]
[Black "Theodulf"]
[Result "1/2-1/2"]
[WhiteElo "1556"]
[BlackElo "1609"]
[Opening "Petrov three knights game"]
[ECO "C26"]
[Time "21:04:42"]
[TimeControl "2700+45"]

1. e4 e5 2. Nc3 Nf6 3. Nf3 Bb4 4. d3 d5 5. a3 Bxc3+ 6. bxc3 dxe4 7. dxe4 Qxd1+
8. Kxd1 Nxe4 9. Ke1 Nc6 10. Bb2 O-O 11. Rd1 Be6 12. h3 Rfd8 13. Bd3 Nd6 14. Ng5
Bf5 15. f3 h6 16. Ne4 Nxe4 17. fxe4 Be6 18. Rf1 f6 19. Rf3 Na5 20. Rb1 Bc4 21.
a4 Bxd3 22. cxd3 c5 23. c4 Nc6 24. Bc3 Rd7 25. g4 Rad8 26. Ke2 a5 27. Rb5 Ne7
28. Rxc5 b6 29. Rb5 Ng6 30. Bd2 Rd6 31. Rd5 Kf7 32. Rxd6 Rxd6 33. Rf1 Nf8 34.
Be3 Ne6 35. Rb1 Nf4+ 36. Bxf4 exf4 37. Rb3 Ke6 38. h4 g5 39. h5 Kd7 40. Rb5 Kc7
41. Rd5 Rxd5 42. exd5 Kd7 43. Kf3 Ke7 44. Ke4 Kd6 45. d4 Kd7 46. Kf3 Kd6 47. Ke4
Ke7 48. Kf3 Kd6 {Game drawn by mutual agreement} 1/2-1/2

[Event "Team 45 45 League T45"]
[Site "Internet Chess Club"]
[Date "2010.05.23"]
[Round "3"]
[White "allanchs"]
[Black "David2500"]
[Result "1/2-1/2"]
[WhiteElo "1525"]
[BlackElo "1553"]
[Opening "Sicilian: dragon, classical attack"]
[ECO "B72"]
[Time "12:00:05"]
[TimeControl "2700+45"]

1. e4 c5 2. Nf3 d6 3. d4 cxd4 4. Nxd4 Nf6 5. Nc3 g6 6. Be3 Bg7 7. Be2 a6 8. O-O
b5 9. a3 Bb7 10. f3 Nbd7 11. Qd2 Qc7 12. Rfd1 h5 13. Nb3 Rc8 14. Rab1 Ne5 15.
Nc1 Nc4 16. Bxc4 Qxc4 17. N1e2 Nd7 18. Qd3 Qxd3 19. cxd3 O-O 20. d4 Nb6 21. b3
Rc7 22. Rd2 Rfc8 23. Rc2 a5 24. Rd2 Rxc3 25. Nxc3 Rxc3 26. Bf2 Bh6 27. Re2 Ba6
28. Ree1 b4 29. axb4 axb4 30. d5 Nd7 31. Ra1 Bc8 32. Ra8 Ne5 33. Rb1 Nd3 34. Bd4
Rc7 35. Rb8 Kh7 36. Bb6 Rb7 37. Rxc8 Rxb6 38. Ra1 Be3+ 39. Kf1 Nc5 40. Rb1 Ra6
41. Ke2 Bg5 42. Rb8 Ra2+ 43. Kf1 Nd3 44. Rd1 Rf2+ 45. Kg1 Rd2 46. Rxd2 Bxd2 47.
Kf1 Nc1 48. Rb7 Bg5 49. Rxb4 f5 50. Rb7 fxe4 51. fxe4 Bf6 52. b4 Nb3 53. Ke2 Kh6
54. Rb8 Kg5 55. Ke3 Kg4 56. Rf8 Be5 57. g3 Kh3 58. Rg8 Kxh2 59. Rxg6 Bxg3 60. b5
Nc5 61. Rg7 Bh4 62. Kf3 Bf6 63. Rg2+ Kh3 64. Rg1 Kh2 65. Rc1 h4 66. b6 Bd4 67.
Rb1 Nb7 68. Rd1 Bg1 69. Rd2+ Kh3 70. Rd1 Kh2 71. Rd2+ Kh3 72. Rd1 {Game drawn by
mutual agreement} 1/2-1/2

[Event "Team 45 45 League T45"]
[Site "Internet Chess Club"]
[Date "2010.05.25"]
[Round "3"]
[White "arriero55"]
[Black "jacknor"]
[Result "0-1"]
[WhiteElo "1464"]
[BlackElo "1534"]
[Opening "Sicilian: dragon, classical attack"]
[ECO "B72"]
[Time "12:02:59"]
[TimeControl "2700+45"]

1. e4 c5 2. Nf3 d6 3. d4 cxd4 4. Nxd4 Nf6 5. Nc3 g6 6. Be2 Bg7 7. Be3 Nc6 8. f4
O-O 9. h4 h5 10. g4 Bxg4 11. Nxc6 bxc6 12. e5 Bxe2 13. Qxe2 dxe5 14. fxe5 Nd5
15. Bd2 e6 16. O-O-O a5 17. Bg5 Qc7 18. Nxd5 cxd5 19. Bf6 Bxf6 20. exf6 Qf4+ 21.
Rd2 Qxf6 22. Qe3 Rab8 23. c3 a4 24. Rf2 Qg7 25. Rhf1 a3 26. b3 Rbc8 27. Rf6 Rc7
28. Qd4 Rfc8 29. R1f3 Qf8 30. Kc2 Qg7 31. Qe5 Rd7 32. Qd4 Qf8 33. Kd2 Qd6 34.
Re3 Re8 35. Kd3 Qc7 36. Kd2 e5 37. Qb6 Qxb6 38. Rxb6 Re6 39. Rxe6 fxe6 40. Rxe5
Rd6 41. Kd3 Kf7 42. Kd4 Rc6 43. Re3 Ke7 44. Rg3 Kf6 45. Rf3+ Kg7 46. Rg3 Rc7 47.
Ke5 Rf7 48. c4 Rf2 49. c5 Rb2 50. Rc3 Rxa2 51. c6 Re2+ 52. Kd6 a2 53. Rc1 d4 54.
c7 Rc2 55. Rxc2 a1=Q 56. c8=Q Qa3+ 57. Kxe6 Qxb3+ 58. Qc4 Qh3+ 59. Kd5 Qd7+
{White forfeits on time} 0-1

[Event "Team 45 45 League T45"]
[Site "Internet Chess Club"]
[Date "2010.05.23"]
[Round "3"]
[White "fishhead"]
[Black "Grenadier"]
[Result "1-0"]
[WhiteElo "2199"]
[BlackElo "1672"]
[Opening "Pirc: Austrian attack, 6.Bd3"]
[ECO "B07"]
[Time "20:00:24"]
[TimeControl "2700+45"]

1. e4 d6 2. f4 Nf6 3. Nc3 g6 4. Nf3 Bg7 5. d4 O-O 6. Bd3 Nc6 7. O-O Bg4 8. Be3
e5 9. fxe5 dxe5 10. d5 Nd4 11. Ne2 Nd7 12. Nexd4 exd4 13. Bf4 Nc5 14. h3 Bxf3
15. Qxf3 Nxd3 16. cxd3 Rc8 17. Rac1 c5 18. b4 b6 19. bxc5 Rxc5 20. Rxc5 bxc5 21.
Rc1 Qb6 22. d6 Rd8 23. e5 h5 24. Qd5 Qa6 25. Rxc5 Qxd3 26. Bg5 Rb8 27. d7 Rb1+
28. Kh2 Qf1 29. d8=Q+ Kh7 30. Qxd4 Qh1+ 31. Kg3 Qe1+ 32. Qf2 Bxe5+ 33. Kf3
{Black resigns} 1-0

[Event "Team 45 45 League T45"]
[Site "Internet Chess Club"]
[Date "2010.05.22"]
[Round "3"]
[White "GoIrish"]
[Black "RayF"]
[Result "0-1"]
[WhiteElo "1536"]
[BlackElo "1665"]
[Opening "Réti: King's Indian attack (Barcza system)"]
[ECO "A07"]
[Time "06:30:23"]
[TimeControl "2700+45"]

1. Nf3 d5 2. g3 Nf6 3. Bg2 c5 4. O-O Nc6 5. d3 e5 6. e4 d4 7. a4 Be7 8. Na3 Be6
9. h3 O-O 10. Ng5 Bc8 11. f4 Ne8 12. Nf3 exf4 13. gxf4 Bd7 14. Nc4 Be6 15. b3
Qc7 16. f5 Bd7 17. Qe1 Nb4 18. Qf2 f6 19. Ne1 Nd6 20. Qg3 Bc6 21. Bf4 Rad8 22.
h4 Qd7 23. Rd1 Nxc4 24. bxc4 Bxa4 25. Rd2 Bd6 26. Rf3 Bxf4 27. Qxf4 Qd6 28. Qg4
Rfe8 29. Rg3 Qc7 30. Bf3 Nc6 31. Rdg2 Re7 32. h5 Ne5 33. Qh3 h6 34. Qh4 Kh8 35.
Bd1 Qa5 36. Nf3 Nxd3 37. cxd3 Bxd1 38. Ne5 Qe1+ 39. Kh2 Rxe5 40. Qh3 Re7 41. Rg1
Qe2+ 42. R3g2 Qxh5 {White resigns} 0-1

[Event "Team 45 45 League T45"]
[Site "Internet Chess Club"]
[Date "2010.05.22"]
[Round "3"]
[White "carambola"]
[Black "Esslinger"]
[Result "0-1"]
[WhiteElo "1355"]
[BlackElo "1403"]
[Opening "Pirc: Austrian attack, 6.Be3"]
[ECO "B09"]
[Time "11:01:11"]
[TimeControl "2700+45"]

1. d4 g6 2. e4 d6 3. Nc3 Nf6 4. f4 Bg7 5. Nf3 O-O 6. Be3 Bg4 7. h3 Bxf3 8. Qxf3
c6 9. O-O-O Nbd7 10. Rd2 b5 11. e5 b4 12. exf6 bxc3 13. bxc3 Bxf6 14. Bc4 d5 15.
Bb3 Bg7 16. c4 Nf6 17. cxd5 cxd5 18. g4 Ne4 19. Rd3 e6 20. g5 Qa5 21. h4 Rfc8
22. h5 f5 23. hxg6 hxg6 24. Qh3 Kf7 25. a4 Rh8 26. Qf3 Rxh1+ 27. Qxh1 Rh8 28.
Qf1 Ng3 29. Qf3 Ne4 30. Qe2 Qb4 31. Qf3 Qa3+ 32. Kb1 Bf8 33. Qg2 Qb4 34. Kc1
Qe1+ 35. Kb2 Qa5 36. c3 Be7 37. Kc2 Qd8 38. Kc1 Rh5 39. Bd1 Rh7 40. Bc2 Ba3+ 41.
Kd1 Qh8 42. c4 Rh2 43. Qf3 Rh1+ 44. Ke2 Qh2+ 45. Bf2 Rc1 46. Bb3 Nxf2 47. Qxf2
Qxf2+ 48. Kxf2 dxc4 49. Bxc4 Rxc4 50. Rxa3 Rxd4 51. Kf3 Rd5 52. a5 e5 53. a6 e4+
54. Ke3 Rd7 55. Rb3 Ke7 56. Rb7 Kd8 57. Rb8+ Kc7 58. Rb1 Kc6 59. Rb8 Rd6 60. Rb7
Rd7 61. Rb4 Rd3+ 62. Ke2 Ra3 63. Rd4 Rxa6 64. Rd2 Rb6 65. Ra2 Kb7 66. Ra1 Rd6
67. Rb1+ Kc6 68. Ra1 Kb7 69. Ke3 a6 70. Ke2 Rd5 71. Rb1+ Ka7 72. Rc1 a5 73. Rc6
a4 74. Rxg6 a3 75. Rc6 Rd3 76. Rc5 Kb6 77. Rxf5 a2 78. Rf6+ Kb5 79. Rf5+ Kb4 80.
Re5 a1=Q 81. Rxe4+ Kc3 82. Re3 Qd1+ 83. Kf2 Qd2+ 84. Re2 Qxf4+ {White resigns}
0-1

[Event "Team 45 45 League T45"]
[Site "Internet Chess Club"]
[Date "2010.05.21"]
[Round "3"]
[White "kingsrook"]
[Black "Xerses"]
[Result "1-0"]
[WhiteElo "1373"]
[BlackElo "1342"]
[Opening "Queen's pawn game"]
[ECO "D04"]
[Time "16:00:49"]
[TimeControl "2700+45"]

1. d4 Nf6 2. Nf3 d5 3. e3 g6 4. c4 e6 5. Nc3 Bg7 6. Be2 O-O 7. O-O c6 8. b4 dxc4
9. Bxc4 Nd5 10. Qb3 Nd7 11. a4 a5 12. b5 N7b6 13. Be2 Qc7 14. Ba3 Re8 15. Bc5
Nd7 16. Ne4 Nxc5 17. Nxc5 b6 18. Ne4 Bb7 19. Rac1 Qd7 20. Ne5 Bxe5 21. dxe5 Rec8
22. Rfd1 c5 23. Nd6 Rcb8 24. e4 Nf4 25. Bf3 Qe7 26. Nc4 Ra7 27. Rd6 Qc7 28. Qe3
g5 29. Nxb6 Ba8 30. Qxc5 Qxc5 31. Rxc5 Bxe4 32. Bxe4 f5 33. exf6 Rf7 34. Nd5
Rff8 35. Nxf4 gxf4 36. Rxe6 Rfc8 37. Rcc6 Rd8 38. Red6 Re8 39. f3 Kf7 40. Bd5+
Kg6 41. f7+ {Black resigns} 1-0

[Event "Team 45 45 League T45"]
[Site "Internet Chess Club"]
[Date "2010.05.25"]
[Round "3"]
[White "Dolphin"]
[Black "tourettes"]
[Result "1-0"]
[WhiteElo "1680"]
[BlackElo "1503"]
[Opening "English opening"]
[ECO "A05"]
[Time "14:03:51"]
[TimeControl "2700+45"]

1. Nf3 Nf6 2. c4 e6 3. g3 c5 4. Bg2 Be7 5. O-O O-O 6. Nc3 d6 7. d4 cxd4 8. Nxd4
a6 9. b3 Nbd7 10. Bb2 Rb8 11. Qc2 Ng4 12. h3 Nge5 13. Rad1 Qc7 14. Rd2 Nf6 15.
Rfd1 Re8 16. Nf3 Nfd7 17. Ba3 Nxf3+ 18. exf3 Nc5 19. Ne4 Nxe4 20. fxe4 Rd8 21.
Kh2 b5 22. e5 b4 23. exd6 Rxd6 24. Bb2 Rxd2 25. Qxd2 Bb7 26. Qd7 Qxd7 27. Rxd7
Bxg2 28. Kxg2 Bd8 29. Be5 Rc8 30. c5 Kf8 31. Bd6+ Ke8 32. Rb7 a5 33. Kf3 h5 34.
Ke4 g5 35. Kd3 Ra8 36. Kc4 Rc8 37. Kb5 Ra8 38. c6 Bf6 39. Rb8+ Rxb8+ 40. Bxb8
Bd4 41. f3 f5 42. Kxa5 e5 43. Kxb4 e4 44. fxe4 fxe4 45. Kc4 e3 46. Kd3 Bb6 47.
b4 Kd8 48. b5 Kc8 49. Be5 {Black resigns} 1-0

[Event "Team 45 45 League T45"]
[Site "Internet Chess Club"]
[Date "2010.05.25"]
[Round "3"]
[White "MarkNY"]
[Black "clarinetref"]
[Result "0-1"]
[WhiteElo "1796"]
[BlackElo "1678"]
[Opening "Sicilian: wing gambit, Marshall variation"]
[ECO "B20"]
[Time "21:08:18"]
[TimeControl "2700+45"]

1. e4 c5 2. b4 cxb4 3. a3 e5 4. Nf3 Nc6 5. Bc4 h6 6. O-O Nf6 7. Bd5 Qc7 8. Bb2
Bd6 9. Bxc6 dxc6 10. axb4 Bg4 11. Ra3 Bxf3 12. Qxf3 Bxb4 13. Rb3 Bd6 14. Qf5 O-O
15. Rg3 Qe7 16. f4 Qe6 17. fxe5 Qxf5 18. exf5 Bc7 19. exf6 Bxg3 20. hxg3 gxf6
21. Bxf6 Kh7 22. Be7 Rg8 23. Rf3 Rae8 24. f6 Rg5 25. Kf2 Rb5 26. Na3 Rd5 27. Ke2
a5 28. c4 Re5+ 29. Re3 Rg5 30. c5 Reg8 31. Kf2 h5 32. Nc4 a4 33. Ra3 h4 34. Bd6
hxg3+ 35. Rxg3 Rf5+ 36. Rf3 Rfg5 37. g3 Rd5 38. Ke2 Re8+ 39. Kf2 Re4 40. d3 Red4
41. Ke3 Rxd3+ 42. Ke2 R3d4 43. Nb6 Rd2+ 44. Kf1 Rd1+ 45. Kg2 R5d2+ 46. Kh3 Rh1+
47. Kg4 Rd4+ 48. Rf4 Rxf4+ 49. Bxf4 a3 50. Be5 a2 51. Nc4 a1=Q 52. Bxa1 Rxa1 53.
Nd6 Kg6 54. Nxb7 Ra4+ 55. Kf3 Kxf6 56. Nd8 Ra6 57. g4 Ke7 58. Nb7 Ra7 59. Nd6
Ra5 60. Nb7 Rb5 61. Nd6 Rxc5 62. Nf5+ Kf6 63. Ke4 Re5+ 64. Kd4 Rxf5 65. gxf5
Kxf5 {White resigns} 0-1

[Event "Team 45 45 League T45"]
[Site "Internet Chess Club"]
[Date "2010.05.22"]
[Round "3"]
[White "scottrugby"]
[Black "tightfist"]
[Result "0-1"]
[WhiteElo "1420"]
[BlackElo "1549"]
[Opening "Scotch gambit: Dubois-Réti defense"]
[ECO "C55"]
[Time "22:01:38"]
[TimeControl "2700+45"]

1. e4 e5 2. Nf3 Nc6 3. d4 exd4 4. Bc4 Nf6 5. e5 Ne4 6. Qe2 Nc5 7. Ng5 Ne6 8.
Nxe6 dxe6 9. O-O Be7 10. Re1 O-O 11. Qg4 Re8 12. Bh6 Bf8 13. c3 dxc3 14. Nxc3
Qd4 15. Re4 Qc5 16. Qg3 Bd7 17. Nb5 Na5 18. b4 Qc6 19. Rg4 g6 20. Bxf8 Nxc4 21.
Bh6 Qxb5 22. Qf4 Qxe5 23. Rc1 Qxf4 24. Rxf4 b5 25. a4 a6 26. axb5 axb5 27. h4 e5
28. Rf3 Bf5 29. h5 Bg4 30. Rf6 Re6 31. Rxe6 Bxe6 32. hxg6 fxg6 33. Re1 Ra2 34.
f4 Bd5 35. Rd1 Rxg2+ 36. Kf1 Rd2 37. Ra1 Ne3+ 38. Ke1 Rh2 39. Ra8+ {White
resigns} 0-1

[Event "Team 45 45 League T45"]
[Site "Internet Chess Club"]
[Date "2010.05.22"]
[Round "3"]
[White "NFork"]
[Black "kobesarmy"]
[Result "1-0"]
[WhiteElo "2282"]
[BlackElo "1940"]
[Opening "Sicilian: accelerated fianchetto, modern variation"]
[ECO "B34"]
[Time "15:53:55"]
[TimeControl "2700+45"]

1. Nc3 c5 2. Nf3 Nc6 3. d4 cxd4 4. Nxd4 g6 5. e4 Bg7 6. Be3 Nf6 7. Be2 O-O 8.
O-O d5 9. exd5 Nxd5 10. Nxd5 Nxd4 11. Bxd4 Qxd5 12. Bxg7 Qxd1 13. Rfxd1 Kxg7 14.
c4 Be6 15. Rd4 Rfd8 16. Rad1 Rxd4 17. Rxd4 Rc8 18. h3 Kf6 19. f4 Rc7 20. b3 Rd7
21. Rxd7 Bxd7 22. Bf3 Bc6 23. Kf2 e5 24. Ke3 Ke6 25. b4 f5 26. fxe5 Bxf3 27.
gxf3 Kxe5 28. f4+ Kd6 29. Kd4 b6 30. b5 Ke6 31. a4 Kd6 32. h4 h6 33. c5+ bxc5+
34. Kc4 g5 35. fxg5 hxg5 36. hxg5 Ke5 37. a5 f4 38. b6 axb6 39. axb6 Kd6 40. b7
Kc7 41. b8=R Kxb8 42. g6 f3 43. g7 {Black resigns} 1-0

[Event "Team 45 45 League T45"]
[Site "Internet Chess Club"]
[Date "2010.05.22"]
[Round "3"]
[White "player12321"]
[Black "GreatPelle"]
[Result "1-0"]
[WhiteElo "1929"]
[BlackElo "1988"]
[Opening "Dutch: Ilyin-Genevsky variation with Qc2"]
[ECO "A98"]
[Time "11:08:38"]
[TimeControl "2700+45"]

1. d4 e6 2. Nf3 f5 3. c4 Nf6 4. Nc3 Be7 5. g3 O-O 6. Bg2 d6 7. O-O Qe8 8. Qc2
Qg6 9. Re1 Ne4 10. Bf4 Nxc3 11. bxc3 Nd7 12. e4 fxe4 13. Nd2 d5 14. cxd5 exd5
15. Bxc7 e3 16. Bxd5+ Kh8 17. Qxg6 exf2+ 18. Kg2 fxe1=N+ 19. Rxe1 hxg6 20. Rxe7
Nf6 21. Bf3 Re8 22. Rxe8+ Nxe8 23. Be5 a5 24. c4 Ra6 25. c5 Nf6 26. Nc4 Be6 27.
Nb6 Bxa2 28. Bxb7 Rxb6 29. cxb6 Nd5 30. Bc7 a4 31. Bc6 Nb4 32. Bxa4 Kg8 33. Bd6
Bd5+ 34. Kf2 Na2 35. Bb3 {Black resigns} 1-0

[Event "Team 45 45 League T45"]
[Site "Internet Chess Club"]
[Date "2010.05.28"]
[Round "3"]
[White "Erle"]
[Black "Socraticchess"]
[Result "0-1"]
[WhiteElo "1868"]
[BlackElo "1976"]
[Opening "Scotch opening"]
[ECO "C44"]
[Time "12:02:19"]
[TimeControl "2700+45"]

1. e4 e5 2. Nf3 Nc6 3. d4 f5 4. d5 Nce7 5. Nxe5 Nf6 6. exf5 Nxf5 7. g4 Qe7 8.
Bf4 Qb4+ 9. Bd2 Qe4+ 10. Qe2 Qxh1 11. Ng6+ Ne7 12. Nxh8 Qe4 13. Be3 Qxg4 14. f3
Qf5 15. c4 g6 16. Qd1 Bg7 17. Nc3 Qe5 18. f4 Qxe3+ 19. Be2 Qg1+ 20. Bf1 Ng4 21.
Qe2 Qe3 22. Nb5 Bxh8 23. Nxc7+ Kd8 24. Nxa8 d6 25. h3 Qg3+ 26. Kd2 Qxf4+ 27. Ke1
Qg3+ 28. Kd2 Bxb2 29. hxg4 Bxg4 30. Qe1 Qc3# {White checkmated} 0-1

[Event "Team 45 45 League T45"]
[Site "Internet Chess Club"]
[Date "2010.05.23"]
[Round "3"]
[White "WoadRaider"]
[Black "qs16"]
[Result "1-0"]
[WhiteElo "1782"]
[BlackElo "1735"]
[Opening "Sicilian: Najdorf, Opocensky variation"]
[ECO "B92"]
[Time "13:00:57"]
[TimeControl "2700+45"]

1. e4 c5 2. Nf3 d6 3. d4 cxd4 4. Nxd4 Nf6 5. Nc3 a6 6. Be2 e5 7. Nb3 Be7 8. O-O
O-O 9. Kh1 b5 10. f3 Bb7 11. Be3 Nbd7 12. a4 b4 13. Nd5 Bxd5 14. exd5 a5 15. c4
Nb6 16. Qd2 Qc7 17. Rfc1 Rfc8 18. Qd3 Qd7 19. Bxb6 Bd8 20. Bxd8 Rxd8 21. Nd2 Qa7
22. Ne4 Nxe4 23. Qxe4 Qf2 24. Rf1 Qc5 25. b3 Rf8 26. Bd3 g6 27. Rac1 Rae8 28.
Qe2 f5 29. Qf2 Qc7 30. c5 e4 31. cxd6 Qxd6 32. Rc6 Qe5 33. Bc4 e3 34. Qe2 f4 35.
Re6 Qc3 36. Rxe8 Rxe8 37. Rd1 Kg7 38. d6 Rd8 39. Qd3 e2 40. Qxe2 Qf6 41. Qd3 Qh4
42. Kg1 Qh5 43. Qd4+ {Black resigns} 1-0

[Event "Team 45 45 League T45"]
[Site "Internet Chess Club"]
[Date "2010.05.23"]
[Round "3"]
[White "Terte"]
[Black "Ser-Enigma"]
[Result "1-0"]
[WhiteElo "2046"]
[BlackElo "2110"]
[Opening "Caro-Kann: advance variation"]
[ECO "B12"]
[Time "09:00:23"]
[TimeControl "2700+45"]

1. e4 c6 2. d4 d5 3. e5 Bf5 4. h4 h5 5. Bg5 Qb6 6. Bd3 Qxb2 7. Bxf5 Qxa1 8. e6
Nh6 9. exf7+ Nxf7 10. Bg6 e5 11. Nf3 Bb4+ 12. c3 Bxc3+ 13. Nxc3 Qxc3+ 14. Bd2
Qa3 15. Nxe5 O-O 16. Qxh5 Nh6 17. Bxh6 gxh6 18. Bf7+ {Black resigns} 1-0

[Event "Team 45 45 League T45"]
[Site "Internet Chess Club"]
[Date "2010.05.19"]
[Round "3"]
[White "mcplayerus"]
[Black "BadHabitMarco"]
[Result "1-0"]
[WhiteElo "2037"]
[BlackElo "1844"]
[Opening "QGD: 4.Bg5"]
[ECO "D50"]
[Time "15:30:15"]
[TimeControl "2700+45"]

1. d4 d5 2. c4 e6 3. Nc3 Nf6 4. Bg5 c6 5. e3 Be7 6. Nf3 Nbd7 7. Qc2 O-O 8. cxd5
exd5 9. Bd3 Re8 10. O-O Nf8 11. h3 Be6 12. Ne5 N6d7 13. Bxe7 Rxe7 14. f4 f6 15.
Nf3 Bf7 16. Qf2 Nb6 17. Rad1 Qc7 18. Rfe1 Rae8 19. Nh4 Nc8 20. Nf5 Re6 21. g4
Nd6 22. Rc1 Qd7 23. Ng3 R6e7 24. b4 a6 25. Na4 Be6 26. Qf3 Qc8 27. Nc5 Bf7 28.
a4 Nd7 29. Bf5 Nxf5 30. Nxf5 Re4 31. Nd6 Qb8 32. Nxe8 Nxc5 33. Nxf6+ gxf6 34.
bxc5 Qc7 35. Qf2 Qa5 36. Rb1 Qc7 37. Rb6 Be6 38. Reb1 Bc8 39. R1b3 Qg7 40. Kh2
h6 41. Rc3 f5 42. gxf5 Bxf5 43. Qg3 Qxg3+ 44. Kxg3 Re7 45. Rb2 Kh7 46. Rcb3 Bc8
47. Kh2 Kg7 48. a5 Kf6 49. Rg2 Be6 50. h4 Kf5 51. Kg3 Ke4 52. Kf2 Kf5 53. Rb1
Kf6 54. Rbg1 Bf5 55. Rg8 Be4 56. Rf8+ Ke6 57. Rgg8 Rd7 58. Rd8 Rxd8 59. Rxd8 h5
60. Rb8 Kf5 61. Rxb7 Bd3 62. Rg7 Kf6 63. Rg5 Bg6 64. Kg2 Be4+ 65. Kg3 Bg6 66. f5
Bxf5 67. Rxh5 Bd7 68. Kf4 Kg6 69. Re5 Kf6 70. e4 dxe4 71. Kxe4 Bg4 72. h5 Bh3
73. h6 Kg6 74. h7 Bg2+ 75. Kf4 Kxh7 76. Rg5 Bf1 77. Ke5 Bd3 78. Kd6 Be4 79. Rg1
Bd5 80. Kc7 Kh6 81. Kb6 {Black resigns} 1-0

[Event "Team 45 45 League T45"]
[Site "Internet Chess Club"]
[Date "2010.05.25"]
[Round "3"]
[White "koni"]
[Black "AronT"]
[Result "0-1"]
[WhiteElo "1901"]
[BlackElo "2050"]
[Opening "Réti opening"]
[ECO "A05"]
[Time "07:30:08"]
[TimeControl "2700+45"]

1. Nf3 Nf6 2. c3 e6 3. d4 b6 4. Bg5 Bb7 5. Nbd2 Be7 6. Qc2 O-O 7. e4 h6 8. Bh4
d6 9. Bd3 Nbd7 10. h3 c5 11. O-O-O cxd4 12. Nxd4 Nc5 13. f3 Nxd3+ 14. Qxd3 a5
15. g4 Nd7 16. Bxe7 Qxe7 17. h4 d5 18. exd5 Bxd5 19. Kb1 Nc5 20. Qc2 Rab8 21.
Rh2 b5 22. f4 b4 23. c4 Ba8 24. h5 Rfd8 25. Nb5 a4 26. Rg1 b3 27. axb3 axb3 28.
Qc3 Rd3 29. Qe5 Rbd8 30. Qe1 Qd7 31. Kc1 Bc6 32. Nc3 Rxc3+ 33. bxc3 Nd3+ {White
resigns} 0-1

[Event "Team 45 45 League T45"]
[Site "Internet Chess Club"]
[Date "2010.05.21"]
[Round "3"]
[White "smitty120"]
[Black "SneakyRed"]
[Result "1-0"]
[WhiteElo "1893"]
[BlackElo "1770"]
[Opening "Caro-Kann: two knights, 3...Bg4"]
[ECO "B10"]
[Time "14:04:04"]
[TimeControl "2700+45"]

1. e4 c6 2. Nf3 d5 3. Nc3 Bg4 4. d4 e6 5. Bf4 Nf6 6. Bd3 Bb4 7. e5 Ne4 8. O-O
Bxc3 9. bxc3 Nxc3 10. Qe1 Bxf3 11. Qxc3 Bh5 12. Rab1 Qc7 13. Qb4 b6 14. Rb2 Bg6
15. Be2 Nd7 16. c4 c5 17. dxc5 Qxc5 18. Qa4 Be4 19. cxd5 Bxd5 20. Bb5 Rd8 21.
Rc1 Qe7 22. Rc7 f6 23. Rbc2 Rf8 24. Rxd7 Rxd7 25. Rc7 Rf7 26. Bxd7+ Qxd7 27.
Rxd7 Rxd7 28. h3 f5 29. Be3 h6 30. g4 fxg4 31. hxg4 Kd8 32. a3 Rc7 33. Qb4 Rc4
34. Qf8+ Kc7 35. Qxg7+ Kc6 36. Qxh6 Rxg4+ 37. Kf1 Bc4+ 38. Ke1 Rg1+ 39. Kd2 Ra1
40. Qf8 a5 41. Qd6+ Kb5 42. Qd7+ Ka6 43. Qd4 Ra2+ 44. Kc1 Kb7 45. Qxc4 Rxa3 46.
Qb5 Rc3+ 47. Kd2 Rc6 48. f4 Kc7 49. Qb3 Kd7 50. Qd3+ Kc7 51. Qh7+ Kd8 52. Qg8+
Kd7 53. Qf7+ Kd8 54. f5 a4 55. fxe6 Rc7 56. Qf8# {Black checkmated} 1-0

[Event "Team 45 45 League T45"]
[Site "Internet Chess Club"]
[Date "2010.05.24"]
[Round "3"]
[White "menorca"]
[Black "viking99"]
[Result "1/2-1/2"]
[WhiteElo "1996"]
[BlackElo "1845"]
[Opening "Queen's pawn: London system"]
[ECO "A45"]
[Time "16:01:49"]
[TimeControl "2700+45"]

1. d4 Nf6 2. Bf4 g6 3. Nc3 Bg7 4. Qd2 d5 5. Bh6 O-O 6. Bxg7 Kxg7 7. O-O-O Nc6 8.
f3 Na5 9. e4 dxe4 10. fxe4 Bg4 11. Nf3 c5 12. e5 Nd7 13. dxc5 Bxf3 14. gxf3 Nxe5
15. Nd5 Nac6 16. f4 e6 17. fxe5 exd5 18. Qxd5 Qg5+ 19. Qd2 {Game drawn by mutual
agreement} 1/2-1/2